 Dungeon Crawl Stone Soup version 0.31-a0-1066-g35875b34c7 (webtiles) character file.

Game seed: 13158332435420070727

1375583 PanSaczeczos the Slayer (level 27, 144/166 HPs)
             Began as a Tengu Artificer on Nov 21, 2023.
             Was a High Priest of Hepliaklqana.
             Escaped with the Orb
             ... and 3 runes on Nov 22, 2023!
             The game lasted 06:26:53 (114979 turns).

PanSaczeczos the Slayer (Tengu Artificer)         Turns: 114979, Time: 06:26:54

Health: 144/166    AC:  6    Str: 19    XL:     27
Magic:  25/36      EV: 34    Int: 19    God:    Hepliaklqana [*****.]
Gold:   505        SH:  0    Dex: 24    Spells: 3/38 levels left

rFire   + + .        b - +4 arbalest (freeze)
rCold   + + +        (shield currently unavailable)
rNeg    + + +        r - +2 robe "Kiff" {rN++ Archmagi}
rPois   +            n - -2 hat of the Alchemist {rElec rPois rF+ rC+ rN+ Will+ rMut rCorr}
rElec   +            P - scarf {rC+ rF+}
rCorr   +            B - +2 pair of gloves of Vumua {+Blink +Inv rCorr}
SInv    +            (boots unavailable)
Will    ++++.        Z - amulet "Zutaepau" {Spirit Int+3}
Stlth   +++          p - ring of Suspicion {rC+ Will+ Str+5 Int+3, =R}
HPRegen 0.47/turn    x - ring of Ofrytimi {rC+ SInv}
MPRegen 0.25/turn

%: acrobat, resist mutation, guardian spirit, archmagi
@: flying
A: reduced essence, beak, talons 3, evasive flight, acrobatic, dopey 1, sense
surroundings 1
0: Orb of Zot
}: 3/15 runes: decaying, silver, gossamer
a: Renounce Religion, Evoke Blink, Evoke Invisibility, Recall Ancestor, Ancestor
Identity, Transference, Idealise


You escaped.
You worshipped Hepliaklqana.
Hepliaklqana was extremely pleased with you.
You visited 11 branches of the dungeon, and saw 51 of its levels.
You visited 1 bazaar.
You also visited: Sewer and Volcano.

You collected 7720 gold pieces.
You spent 7215 gold pieces at shops.

Inventory:

Hand Weapons
 a - a +0 vampiric rapier
 b - a +4 arbalest of freezing (weapon)
 q - a +3 antimagic arbalest
 w - a +2 antimagic demon whip
Missiles
 o - 17 javelins
 t - 37 boomerangs
 v - a throwing net {!f}
 A - 7 curare-tipped darts
 D - 39 poisoned darts
 U - 13 silver javelins
Armour
 n - the -2 hat of the Alchemist (worn) {rElec rPois rF+ rC+ rN+ Will+ rMut rCorr}
   (You found it on level 5 of the Vaults)

   rF+:       It protects you from fire.
   rC+:       It protects you from cold.
   rElec:     It insulates you from electricity.
   rPois:     It protects you from poison rN+: It protects you from negative
   energy.
   Will+:     It increases your willpower.
   rCorr:     It protects you from acid and corrosion.
   rMut:      It protects you from mutation.
 r - the +2 robe "Kiff" (worn) {rN++ Archmagi}
   (You found it on level 5 of the Lair of Beasts)

   rN++:      It greatly protects you from negative energy.
   Archmagi:  It increases the power of your magical spells.
 B - the +2 pair of gloves of Vumua (worn) {+Blink +Inv rCorr}
   (You found it on level 3 of the Elven Halls)

   +Inv:      It lets you turn invisible.
   +Blink:    It lets you blink.
   rCorr:     It protects you from acid and corrosion.
 P - a scarf of resistance (worn)
Jewellery
 p - the ring of Suspicion (left hand) {rC+ Will+ Str+5 Int+3, =R}
   (You bought it in a shop on level 4 of the Depths)

   [ring of protection from cold]

   Str+5:     It affects your strength (+5).
   Int+3:     It affects your intelligence (+3).
   rC+:       It protects you from cold.
   Will+:     It increases your willpower.
 x - the ring of Ofrytimi (right hand) {rC+ SInv}
   (You took it off a tengu reaver on level 5 of the Vaults)

   [ring of see invisible]

   rC+:       It protects you from cold.
   SInv:      It lets you see invisible.
 G - the ring "Hurhule" {rC- rN+ Int+6 Slay+3}
   (You bought it in a shop on level 4 of the Depths)

   [ring of intelligence]

   Int+6:     It affects your intelligence (+6).
   Slay+3:    It affects your accuracy & damage with ranged weapons and melee
   (+3).
   rC-:       It makes you vulnerable to cold.
   rN+:       It protects you from negative energy.
 M - a +6 ring of dexterity
 Z - the amulet "Zutaepau" (around neck) {Spirit Int+3}
   (You bought it in a shop on level 4 of the Depths)

   [amulet of guardian spirit]

   Spirit:    It causes incoming damage to be divided between your reserves of
   health and magic.
   Int+3:     It affects your intelligence (+3).
Wands
 c - a wand of flame (77)
 d - a wand of charming (59)
 I - a wand of mindburst (14)
 J - a wand of polymorph (39)
 O - a wand of digging (48)
 S - a wand of roots (14)
 W - a wand of acid (8)
Scrolls
 m - 9 scrolls of poison {!r}
 s - 9 scrolls of teleportation {!r}
 u - 3 scrolls of fog {!r}
 H - a scroll of fear {!r}
 Q - 5 scrolls of vulnerability {!r}
 R - a scroll of silence {!r}
Potions
 f - 5 potions of ambrosia
 g - 2 potions of magic
 h - 4 potions of heal wounds
 i - 15 potions of might {@q3}
 k - 9 potions of brilliance
 z - 11 potions of mutation
 C - 5 potions of cancellation
 E - 2 potions of invisibility
 F - 4 potions of resistance
 K - 9 potions of lignification
 N - 23 potions of curing
 X - 4 potions of berserk rage
 Y - 2 potions of enlightenment
Miscellaneous
 j - a condenser vane
 y - a sack of spiders
 L - a lightning rod (4/4)
 T - a phial of floods
 V - a phantom mirror


   Skills:
 + Level 22.3 Fighting
 - Level 2.8(3.6) Short Blades
 - Level 3.4(4.0) Long Blades
 - Level 12.0 Maces & Flails
 - Level 18.0 Ranged Weapons
 - Level 8.0 Armour
 + Level 19.7 Dodging
 - Level 20.0 Stealth
 - Level 6.0 Spellcasting
 - Level 8.0 Conjurations
 - Level 6.0 Hexes
 - Level 10.0 Summonings
 - Level 8.0 Necromancy
 + Level 10.2 Translocations
 - Level 4.0 Transmutations
 - Level 8.0 Fire Magic
 - Level 5.0 Ice Magic
 - Level 10.0 Poison Magic
 - Level 17.0 Invocations
 - Level 12.0 Evocations


You had 3 spell levels left.
You knew the following spells:

 Your Spells              Type           Power      Damage    Failure   Level
a - Frozen Ramparts       Ice            74%        1d12      4%          3
b - Blink                 Tloc           100%       N/A       1%          2
c - Apportation           Tloc           100%       N/A       1%          1
d - Call Canine Familiar  Summ           60%        N/A       1%          3
e - Summon Forest         Summ/Tloc      30%        N/A       4%          5
f - Summon Guardian Gole  Hex/Summ       52%        N/A       1%          3
g - Dispel Undead         Necr           52%        3d19      4%          4
h - Dimensional Bullseye  Hex/Tloc       26%        N/A       4%          4
i - Ignite Poison         Fire/Tmut/Pois 50%        N/A       1%          3
j - Sigil of Binding      Hex            42%        N/A       2%          3
o - Olgreb's Toxic Radia  Pois           60%        N/A       1%          4

Your spell library contained the following spells:

 Spells                   Type           Power      Damage    Failure   Level
 Foxfire                  Conj/Fire      100%       2x1d9     1%          1
 Freeze                   Ice            100%       1d10      1%          1
 Kiss of Death            Conj/Necr      100%       2d13      1%          1
 Sting                    Tmut/Pois      100%       1d8       1%          1
 Summon Small Mammal      Summ           100%       N/A       1%          1
 Ensorcelled Hibernation  Hex/Ice        78%        N/A       1%          2
 Jinxbite                 Hex            84%        N/A       1%          2
 Lesser Beckoning         Tloc           100%       N/A       1%          2
 Momentum Strike          Conj/Tloc      100%       3d10      1%          2
 Scorch                   Fire           100%       2d9       1%          2
 Sublimation of Blood     Necr           52%        N/A       1%          2
 Dazzling Flash           Conj/Hex       96%        N/A       1%          3
 Gell's Gravitas          Tloc           61%        N/A       1%          3
 Inner Flame              Hex/Fire       48%        N/A       1%          3
 Teleport Other           Tloc           61%        N/A       1%          3
 Vampiric Draining        Necr           52%        2d9       1%          3
 Volatile Blastmotes      Fire/Tloc      100%       2d18      1%          3
 Shock                    Conj/Air       100%       1d9       2%          1
 Poisonous Vapours        Pois/Air       74%        N/A       2%          2
 Confusing Touch          Hex            42%        N/A       2%          3
 Hailstorm                Conj/Ice       45%        3d10      2%          3
 Mephitic Cloud           Conj/Pois/Air  42%        N/A       2%          3
 Tukima's Dance           Hex            42%        N/A       2%          3
 Static Discharge         Conj/Air       62%        3-6/arc   3%          2
 Ozocubu's Armour         Ice            37%        N/A       4%          3
 Manifold Assault         Tloc           61%        N/A       1%          4
 Passage of Golubria      Tloc           61%        N/A       1%          4
 Animate Dead             Necr           52%        N/A       4%          4
 Sticky Flame             Conj/Fire      52%        2d7       4%          4
 Anguish                  Hex/Necr       24%        N/A       6%          4
 Cause Fear               Hex            21%        N/A       10%         4
 Agony                    Necr           52%        N/A       12%         5
 Fireball                 Conj/Fire      26%        3d12      12%         5
 Iskenderun's Battlesphe  Conj           52%        2d10      12%         5
 Vhi's Electric Charge    Tloc/Air       74%        N/A       14%         4
 Alistair's Intoxication  Tmut/Pois      32%        N/A       17%         5
 Brom's Barrelling Bould  Conj/Erth      31%        2d5       22%         4
 Irradiate                Conj/Tmut      21%        3d18      26%         5
 Leda's Liquefaction      Hex/Erth       12%        N/A       32%         4
 Metabolic Englaciation   Hex/Ice        19%        N/A       32%         5
 Yara's Violent Unravell  Hex/Tmut       18%        3d9       36%         5
 Petrify                  Tmut/Erth      19%        N/A       43%         4
 Freezing Cloud           Conj/Ice/Air   16%        6-21      47%         5
 Arcjolt                  Conj/Air       15%        1d25      52%         5
 Borgnjor's Vile Clutch   Necr/Erth      15%        N/A       52%         5
 Starburst                Conj/Fire      26%        6d8       54%         6
 Silence                  Hex/Air        12%        N/A       65%         5
 Eringya's Noxious Bog    Tmut/Pois      24%        4d6       67%         6
 Simulacrum               Ice/Necr       22%        N/A       75%         6
 Haunt                    Necr/Summ      28%        N/A       93%         7
 Spellforged Servitor     Conj/Summ      28%        N/A       93%         7
 Lee's Rapid Deconstruct  Erth           4%         3d5*      97%         5
 Bombard                  Conj/Erth      15%        9d3       97%         6
 Conjure Ball Lightning   Conj/Air       15%        3x3d6     97%         6
 Plasma Beam              Fire/Air       15%        2x1d27    97%         6
 Orb of Destruction       Conj           26%        9d9       98%         7
 Enfeeble                 Hex            21%        N/A       100%        7
 Ozocubu's Refrigeration  Ice            18%        4d11      100%        7
 Borgnjor's Revivificati  Necr           26%        N/A       100%        8
 Ignition                 Fire           26%        3d9       100%        8
 Infestation              Necr           26%        N/A       100%        8
 Maxwell's Capacitive Co  Air            4%         ∞         100%        8
 Chain Lightning          Conj/Air       15%        3d20      100%        9
 Death's Door             Necr           26%        N/A       100%        9
 Dragon's Call            Summ           30%        N/A       100%        9
 Fire Storm               Conj/Fire      26%        8d7       100%        9
 Shatter                  Erth           4%         3d7*      100%        9


Dungeon Overview and Level Annotations

Branches:
Dungeon (15/15)            Temple (1/1) D:4            Lair (5/5) D:8
  Swamp (4/4) Lair:3       Spider (4/4) Lair:2        Slime (0/5) Lair:5
    Orc (2/2) D:10            Elf (3/3) Orc:2        Vaults (5/5) D:14
  Crypt (3/3) Vaults:2       Tomb (0/3) Crypt:3      Depths (4/4) D:15
    Zot (5/5) Depths:4      Sewer (visited)         Volcano (visited)

Altars:
Ashenzari
Cheibriados
Dithmenos
Elyvilon
Fedhas
Gozag
Hepliaklqana
Kikubaaqudgha
Makhleb
Nemelex Xobeh
Okawaru
Qazlal
Ru
Sif Muna
Trog
Uskayaw
Vehumet
Wu Jian
Xom
Yredelemnul
Zin
The Shining One
Jiyva

Shops:
D:8 :   Orc:2 :[*?   Vaults:5 (   Depths:1 :   Depths:3 [[**   Depths:4 :==

Portals:
Hell: Depths:1 Depths:2 Depths:3 Depths:4
Abyss: Depths:2 Depths:3
Pandemonium: Orc:2 Depths:2
Ziggurat: Depths:2
Trove: D:10 (give 12 potions of heal wounds)

Annotations:
D:3 exclusion: downstairs
D:6 niebieski smoczek
Lair:5 exclusion: obsidian statue
Swamp:2 Roxanne
Swamp:3 exclusion: downstairs
Swamp:4 Lernaean hydra
Spider:2 Mlioglotl
Spider:4 exclusion: broodmother
Elf:1 exclusion: orange crystal statue
Elf:2 5 runed translucent doors, exclusion: 5 doors
Vaults:5 1 exclusion
Zot:4 exclusion: hexer
Zot:5 exclusions: orange crystal statue and 1 more exclusion


Innate Abilities, Weirdness & Mutations

Your life essence is reduced to manifest your ancestor. (-10% HP)
You have a beak for a mouth.
You have claws for feet.
Your magical flight helps you evade attacks. (EV +4)
You can magically evade attacks while moving or waiting.
You are dopey. (Int -2)
You passively map a small area around you.


Message History

The forest abruptly stops moving.
The Ice Fiend roars!
Fire: b) +4 arbalest (freeze)
Press: ? - help, Q - select action, (/) - cycle Shift-Dir - straight line, f/p - Ice Fiend
Aim: an Ice Fiend (black smoke, heavily wounded, ally target, 85% to hit)
You shoot a bolt. The bolt barely misses the Ice Fiend.
Fire: b) +4 arbalest (freeze)
Press: ? - help, Q - select action, (/) - cycle Shift-Dir - straight line, f/p - Ice Fiend
Aim: an Ice Fiend (heavily wounded, ally target, 85% to hit)
You shoot a bolt. The bolt hits the Ice Fiend!!
The Ice Fiend is severely wounded.
The Ice Fiend calls on the powers of darkness!
Your body is wracked with pain!
* * * LOW HITPOINT WARNING * * *
Fire: b) +4 arbalest (freeze)
Press: ? - help, Q - select action, (/) - cycle Shift-Dir - straight line, f/p - Ice Fiend
Aim: an Ice Fiend (severely wounded, ally target, 85% to hit)
You shoot a bolt. Kammani avoids your attack.
The bolt hits the Ice Fiend!
The Ice Fiend is almost dead.
Kammani hits the Ice Fiend with a +0 antimagic quick blade.
The Ice Fiend's magic leaks into the air.
Kammani hits the Ice Fiend with a +0 antimagic quick blade!!
The Ice Fiend dies!
You feel much better.
Kammani hits the demonspawn blood saint with a +0 antimagic quick blade.
Kammani hits the demonspawn blood saint with a +0 antimagic quick blade!!!
Kammani hits the demonspawn blood saint with a +0 antimagic quick blade!
Kammani hits the demonspawn blood saint with a +0 antimagic quick blade!!
The demonspawn blood saint hits Kammani but does no damage.
Unknown command.
Kammani hits the demonspawn blood saint with a +0 antimagic quick blade!
The demonspawn blood saint dies!
Kammani's magic is no longer disrupted.
Okay, then.
Space becomes stable.
You reach down and open the door.
There is an open door here.
Kammani loses the glow of perfection.
There is a staircase leading out of the dungeon here.
You have escaped!

·······▒▒·▒▒ ▒·▒ ▒▒·▒ ▒······
·······▒▒▒·▒▒ ▒·▒ ▒▒·▒▒ ▒······
·······▒ ▒▒·▒▒ ▒·▒ ▒▒·▒▒▒▒▒······
·····(·▒ ▒▒·▒▒ ▒·▒ ▒▒·▒▒ ▒·'······
·······▒ ▒▒·▒▒▒·▒▒▒·▒▒ ▒·▒·····▒
·······▒ ▒▒·▒▒·▒▒·▒▒ ▒·▒▒·····
·······▒ ▒▒·▒·▒·▒▒ ▒·▒▒·····
·······▒▒▒▒▒▒▒▒▒·▒R▒▒▒▒▒▒▒▒·▒▒·····
·······▒▒·······▒@▒·······▒·▒▒·····
·······▒▒▒▒▒▒▒▒▒·▒·▒▒▒▒▒▒▒▒·▒▒·····
·······▒ ▒▒·▒·▒·▒▒ ▒·▒▒·····
▒▒▒▒▒·▒▒ ▒▒·▒▒·▒▒·▒▒ ▒·▒▒▒▒▒'▒ ▒·▒
▒▒·▒▒▒·▒▒▒·▒▒ ▒·▒▒▒▒▒·▒ ▒·▒▒ ▒▒·▒▒
▒·▒ ▒▒·▒▒ ▒·····▒·▒ ▒··▒▒▒▒·▒▒ ▒·▒
▒▒·▒▒▒▒·▒▒·▒·▒ ▒▒··▒▒·▒▒ ▒·▒
▒▒·▒▒··▒▒·▒·▒ ▒▒···▒▒ ▒·▒
▒▒···▒▒▒·▒··


You could see the friendly Kammani the hexer (fast).

Vanquished Creatures
  2 orbs of fire (Zot:5)
  Mennas (Vaults:3)
  2 juggernauts
  Parghit (Depths:3)
  2 Killer Klowns (Zot:5)
  Margery (Depths:1)
  Bai Suzhen (Depths:1)
  A curse toe (Zot:4)
  6 caustic shrikes
  9 golden dragons
  A profane servitor (Depths:1)
  Norris (Depths:1)
  2 electric golems (Zot:3)
  Jorgrun (Elf:1)
  14 Orb Guardians
  6 tentacled monstrosities
  4 liches
  A deep elf master archer (Elf:3)
  6 quicksilver dragons
  3 sphinxes
  6 death cobs
  An Executioner (D:7)
  4 ancient champions
  A shadow dragon (Zot:3)
  10 storm dragons
  3 tengu reavers
  Donald (Swamp:3)
  4 fire giants
  12 vault wardens
  2 iron dragons
  2 draconian knights
  3 draconian monks (Zot:2)
  7 deep elf sorcerers
  A revenant (Crypt:1)
  3 emperor scorpions
  3 frost giants
  2 deep elf elementalists (Elf:3)
  3 draconian scorchers
  3 ghost moths
  A curse skull (Crypt:3)
  2 draconian shifters (Zot:1)
  A draconian stormcaller (Zot:1)
  24 very ugly things
  4 ghouls
  4 stone giants
  A reaper (Depths:2)
  2 draconian annihilators
  An orc warlord (Vaults:2)
  2 war gargoyles
  A broodmother (Spider:4)
  10 ironbound preservers
  4 deep elf demonologists (Elf:3)
  4 ironbound thunderhulks
  6 green draconians
  6 vampire knights
  7 red draconians
  4 purple draconians
  7 white draconians
  5 black draconians
  2 bunyips
  7 dire elephants
  7 eleionomae
  7 deep elf annihilators
  2 spark wasps
  7 deep elf death magi
  4 eidola
  5 yellow draconians
  2 pearl dragon zombies (Depths:1)
  9 jiangshi
  6 fire dragons
  5 ettins
  4 mummy priests
  13 yaktaur captains
  7 ice dragons
  2 spriggan zombies
  A merfolk javelineer (Depths:3)
  9 hydras
  A shambling mangrove (Swamp:4)
  Fannar (D:9)
  5 entropy weavers
  3 great orbs of eyes
  2 rakshasas (Depths:1)
  10 deep elf high priests
  2 peacekeepers
  2 ogre magi (D:15)
  A caustic shrike simulacrum (Crypt:3)
  3 spriggan air magi
  A hydra (shapeshifter) (Vaults:5)
  A sphinx zombie (Crypt:1)
  A catoblepas (Lair:2)
  2 death knights
  2 ghost crabs (Swamp:1)
  10 alligators
  7 centaur warriors (Vaults:1)
  10 two-headed ogres
  22 vault guards
  8 ironbound frosthearts
  9 dancing weapons
  4 hell hogs
  2 boulder beetles
  3 vampire magi
  5 demonic crawlers
  3 deep troll earth magi
  An occultist (D:15)
  8 deep troll shamans
  4 tengu warriors
  4 orc high priests (Orc:2)
  6 hell knights
  6 deep elf knights
  3 spriggan berserkers
  4 skysharks
  A skyshark (shapeshifter) (D:13)
  A shadow wraith (Crypt:1)
  17 skeletal warriors
  A soul eater (Crypt:1)
  A spectral death yak (Lair:5)
  A fire crab (shapeshifter) (Vaults:5)
  An iron troll (Depths:3)
  8 pharaoh ants
  3 sun moths
  An anaconda zombie (Crypt:2)
  3 goliath frogs
  A quicksilver dragon simulacrum (Crypt:3)
  36 deep trolls
  7 swamp dragons
  4 spriggan druids
  2 flayed ghosts
  4 glowing orange brains
  8 arcanists
  25 ironbound convokers
  5 lindwurms
  9 bog bodies
  2 steelbarb worms (Spider:1)
  7 orb spiders
  12 harpies
  7 deep elf archers
  10 phantasmal warriors
  9 orc knights
  26 deep elf pyromancers
  10 deep elf zephyrmancers
  7 necromancers
  6 orc sorcerers
  3 manticores
  59 ugly things
  4 cyclopes
  3 will-o-the-wisps
  An anaconda skeleton (Crypt:1)
  2 stone giant zombies
  20 wolf spiders
  25 moths of wrath
  A frost giant skeleton (Vaults:3)
  7 elephants
  An iron dragon skeleton (Crypt:1)
  Joseph (D:7)
  9 apocalypse crabs (Zot:4)
  3 apis skeletons (Depths:1)
  2 dire elephant zombies (Lair:5)
  3 smoke demons
  2 torpor snails (Spider:4)
  20 vault sentinels
  A rust devil (Orc:2)
  A gargoyle (D:11)
  2 dire elephant skeletons
  A shock serpent skeleton (Crypt:1)
  An orange demon (D:11)
  A black mamba (Lair:2)
  A black draconian zombie (Crypt:1)
  5 cane toads
  6 rime drakes
  A yaktaur zombie (Vaults:2)
  A pale draconian zombie (Crypt:1)
  5 komodo dragons
  3 efreet
  A kobold demonologist (D:12)
  6 freezing wraiths
  38 yaktaurs
  A tengu conjurer (D:15)
  2 ice devils (D:11)
  A red devil (D:11)
  13 guardian mummies (Crypt:3)
  2 hellwings (D:11)
  A bloated husk (Swamp:2)
  5 tyrant leeches
  Prince Ribbit (D:9)
  4 trolls
  A meliai (shapeshifter) (Vaults:5)
  11 hornets
  A polar bear (D:7)
  16 tarantellas
  2 harpy skeletons
  6 dream sheep
  2 glass eyes (Depths:2)
  12 blink frogs
  4 flying skulls (Crypt:3)
  2 shadows
  A jumping spider (shapeshifter) (Elf:3)
  Sigmund (D:4)
  15 culicivoras
  A black mamba zombie (Crypt:2)
  2 ynoxinuls (D:11)
  18 jumping spiders
  6 ushabtiu (Crypt:3)
  15 slime creatures
  8 spriggans
  6 water elementals
  4 wraiths
  A dire elephant simulacrum (Crypt:3)
  An air elemental (Elf:2)
  2 vampires
  A basilisk (shapeshifter) (Vaults:5)
  13 yaks
  2 wyverns
  2 fire elementals
  A wind drake skeleton (Crypt:2)
  40 redbacks
  2 neqoxecs (D:11)
  A steam dragon (D:7)
  2 hogs (D:14)
  A chaos spawn (Orc:2)
  A spectral cane toad (Lair:5)
  A fire bat zombie (Crypt:2)
  10 vampire mosquitoes
  A death yak simulacrum (Lair:5)
  3 wargs
  A hydra simulacrum (Crypt:1)
  13 swamp worms
  3 water moccasins
  32 orc warriors
  5 ice beasts
  8 swamp drakes
  A black bear (Lair:1)
  11 ogres
  4 wolves
  A centaur (shapeshifter) (Elf:3)
  3 centaurs
  2 kobold brigands
  7 bullfrogs
  2 necrophages (Crypt:3)
  2 earth elementals
  2 scorpions
  2 gnoll sergeants
  A human skeleton (Vaults:2)
  6 wights
  A cyclops skeleton (Crypt:2)
  A human simulacrum (Vaults:2)
  5 killer bees (D:7)
  2 electric eels (Lair:3)
  2 howler monkeys (D:10)
  7 hexers
  3 quasits (D:11)
  4 hounds
  18 orc priests
  A gnoll bouda (D:8)
  4 jellies
  4 sleepcaps
  Jessica (D:3)
  2 iguanas (D:5)
  14 orc wizards
  An ice beast zombie (Crypt:1)
  16 mummies (Crypt:3)
  7 adders
  11 gnolls
  6 river rats (Sewer)
  A shadow imp (D:7)
  2 white imps (D:5)
  2 worms
  3 dart slugs
  72 orcs
  11 endoplasms
  5 giant cockroaches
  4 goblins
  6 hobgoblins
  4 quokkas
  11 ball pythons
  A bat (D:3)
  4 frilled lizards
  A frilled lizard skeleton (Crypt:2)
  21 kobolds
  A kobold zombie (Crypt:2)
  17 rats
  A river rat skeleton (Crypt:3)
1594 creatures vanquished.

Vanquished Creatures (collateral kills)
  A pandemonium lord (Zot:5)
  A dread lich (Zot:5)
  3 orbs of fire
  Mara (Elf:3)
  6 ancient liches
  A royal mummy (Crypt:3)
  6 Killer Klowns
  2 caustic shrikes (Depths:3)
  6 golden dragons
  5 curse toes
  A Brimstone Fiend (Zot:5)
  4 electric golems
  10 tentacled monstrosities
  2 deep elf blademasters (Elf:3)
  An Ice Fiend (D:1)
  6 liches
  A titan (Depths:3)
  13 Orb Guardians
  A shard shrike skeleton (Crypt:2)
  A deep elf master archer (Elf:3)
  4 sphinxes
  A walking divine tome (Depths:3)
  4 quicksilver dragons
  2 death cobs
  A thorn hunter (Swamp:4)
  4 storm dragons
  5 shadow dragons
  Kirke (D:14)
  A tengu reaver (Depths:2)
  A draconian monk (Zot:2)
  3 revenants
  A draconian knight (Zot:2)
  4 fire giants
  5 vault wardens
  An iron dragon (Depths:3)
  A ghost moth (Zot:5)
  3 deep elf elementalists (Elf:3)
  3 deep elf sorcerers
  A draconian shifter (Zot:5)
  3 ghouls
  A frost giant (Vaults:5)
  A draconian stormcaller (Zot:5)
  A draconian scorcher (Zot:3)
  An orc warlord (Orc:1)
  5 ironbound preservers
  A reaper (Crypt:3)
  A draconian annihilator (Zot:4)
  7 very ugly things
  A spriggan defender (Depths:3)
  A demonspawn blood saint (D:1)
  A war gargoyle (Vaults:3)
  2 broodmothers
  4 stone giants
  3 formless jellyfish
  2 eleionomae
  4 black draconians
  2 deep elf demonologists
  2 deep elf annihilators (Elf:3)
  4 purple draconians
  2 lorocyprocas
  3 white draconians
  3 yellow draconians
  4 green draconians
  2 dire elephants
  2 spark wasps
  3 red draconians
  2 ettins
  Josephine (Orc:1)
  2 eidola
  3 mummy priests (Crypt:3)
  2 entropy weavers
  6 deep elf death magi
  A crystal guardian (Vaults:3)
  A deep elf high priest (Vaults:5)
  4 jiangshi
  4 yaktaur captains
  2 ice dragons
  A shambling mangrove (Swamp:1)
  A great orb of eyes (Vaults:2)
  5 fire dragons
  9 vault guards
  11 hydras
  A ghost crab (Swamp:1)
  An ogre mage (Orc:2)
  An ironbound frostheart (Vaults:4)
  2 two-headed ogres (Orc:1)
  4 alligators
  3 death knights
  7 dancing weapons
  2 demonspawn (Orc:2)
  A deep troll shaman (Depths:1)
  A boulder beetle (D:13)
  A death yak (Lair:4)
  2 orc high priests (Orc:2)
  A titan zombie (Crypt:2)
  5 soul eaters
  A vampire mage (Crypt:1)
  A shock serpent (shapeshifter) (Vaults:5)
  A fire crab (shapeshifter) (Depths:3)
  A sun demon (D:11)
  18 skeletal warriors
  3 skysharks
  3 deep elf knights
  A pharaoh ant (Lair:2)
  A titan skeleton (Crypt:1)
  A sun moth (Spider:3)
  2 goliath frogs (Swamp:1)
  8 deep trolls
  4 swamp dragons
  2 glowing orange brains
  A spriggan simulacrum (Crypt:3)
  A storm dragon skeleton (Crypt:1)
  3 flayed ghosts
  5 bog bodies
  5 harpies
  A golden dragon skeleton (Crypt:3)
  2 deep elf archers
  4 deep elf zephyrmancers
  3 steelbarb worms
  2 phantasmal warriors
  4 necromancers
  5 arcanists
  A goliath frog zombie (Crypt:3)
  A lindwurm (Lair:5)
  4 orc sorcerers (Orc:2)
  A shadow dragon skeleton (Crypt:1)
  An iron dragon zombie (Crypt:2)
  5 wolf spiders
  5 orc knights
  A wolf spider (shapeshifter) (Vaults:5)
  An alligator zombie (Crypt:1)
  A salamander (Depths:2)
  25 ugly things
  2 cyclopes
  A will-o-the-wisp (Swamp:3)
  4 elephants
  9 moths of wrath
  2 black mambas
  An apis skeleton (Depths:1)
  An orange demon (Orc:2)
  6 vault sentinels
  A shock serpent zombie (Crypt:1)
  A torpor snail (Spider:1)
  A water nymph (D:15)
  A green draconian zombie (Crypt:3)
  A frost giant skeleton (Crypt:3)
  A death yak zombie (Crypt:2)
  A dire elephant skeleton (Lair:5)
  2 rime drakes
  A freezing wraith (Crypt:1)
  11 cane toads
  A yaktaur zombie (Vaults:2)
  4 yaktaurs
  4 komodo dragons
  A kobold demonologist (D:10)
  2 red devils
  7 guardian mummies (Crypt:3)
  A human skeleton (Vaults:2)
  A harpy zombie (Crypt:3)
  A tarantella (Spider:4)
  4 tyrant leeches
  A boulder beetle zombie (Crypt:1)
  8 blink frogs
  A dream sheep (Lair:4)
  12 slime creatures
  A culicivora (Spider:2)
  A centaur simulacrum (Crypt:1)
  A satyr skeleton (Crypt:1)
  2 spriggans (Swamp:4)
  5 flying skulls (Crypt:3)
  3 wraiths
  A black mamba zombie (Crypt:2)
  5 jumping spiders
  2 air elementals (Elf:2)
  5 wyverns
  22 yaks
  A shadow (D:11)
  3 water elementals (Depths:3)
  5 ushabtiu (Crypt:3)
  6 basilisks
  2 steam dragons
  3 fire elementals
  A vampire mosquito (D:12)
  2 neqoxecs
  3 wargs
  7 redbacks (Spider:1)
  A swamp worm (shapeshifter) (Depths:2)
  7 water moccasins
  2 swamp worms
  A merfolk zombie (Crypt:3)
  2 spectral cane toads (Lair:5)
  16 orc warriors
  A faun skeleton (Crypt:2)
  An ice beast (D:8)
  A human zombie (Vaults:3)
  3 black bears
  2 swamp drakes (Swamp:4)
  6 wolves
  3 ogres
  A centaur (D:9)
  A fire crab zombie (Crypt:2)
  7 bullfrogs
  2 earth elementals
  2 scorpions (Lair:2)
  A cane toad simulacrum (Lair:5)
  7 wights
  A killer bee (D:7)
  2 howler monkeys (D:10)
  2 jellies
  8 orc priests
  3 orc wizards
  2 mummies (Crypt:3)
  4 gnolls
  A white imp (D:7)
  17 orcs
683 creatures vanquished.

Vanquished Creatures (others)
  2 harpies (Vaults:2)
  A moth of wrath (Zot:5)
  An unseen horror (D:11)
  A bloated husk (Swamp:4)
  A human (D:14)
  An orc priest (Orc:2)
  120 hexers
  9 ancestors
  17 foxfires
  2 snaplasher vines
155 creatures vanquished.

Grand Total: 2432 creatures vanquished

Notes
Turn   | Place    | Note
-------+----------+-------------------------------------------
     0 | D:1      | PanSaczeczos the Tengu Artificer began the quest for the
                  | Orb.
     0 | D:1      | Reached XP level 1. HP: 12/12 MP: 2/2
   169 | D:1      | Reached skill level 2 in Fighting
   169 | D:1      | Reached XP level 2. HP: 13/17 MP: 3/3
   392 | D:1      | Found a faded altar of an unknown god.
   818 | D:2      | Reached XP level 3. HP: 21/21 MP: 4/4
  1539 | D:2      | Reached skill level 3 in Fighting
  1539 | D:2      | Reached XP level 4. HP: 27/28 MP: 5/5
  2081 | D:3      | Found a glowing drain.
  2170 | Sewer    | Entered a sewer
  2465 | Sewer    | Reached XP level 5. HP: 28/32 MP: 6/6
  3625 | D:3      | Noticed Jessica
  3635 | D:3      | Killed Jessica
  3636 | D:3      | Reached skill level 4 in Fighting
  3636 | D:3      | Reached skill level 1 in Long Blades
  3636 | D:3      | Reached XP level 6. HP: 33/38 MP: 7/7
  4148 | D:4      | Found a burning altar of Makhleb.
  4175 | D:4      | Noticed Sigmund
  4463 | D:4      | Found a staircase to the Ecumenical Temple.
  4474 | D:4      | Killed Sigmund
  4475 | D:4      | Reached skill level 5 in Fighting
  4475 | D:4      | Gained mutation: Your magical flight helps you evade
                  | attacks. (EV +4) [Tengu growth]
  4475 | D:4      | Reached XP level 7. HP: 32/44 MP: 8/8
  4552 | Temple   | Entered the Ecumenical Temple
  4581 | Temple   | Became a worshipper of Hepliaklqana the Forgotten
  4740 | D:5      | Entered Level 5 of the Dungeon
  4773 | D:5      | Found a snail-covered altar of Cheibriados.
  4774 | D:5      | Found a hide-covered altar of Uskayaw.
  4940 | D:5      | Found a stormy altar of Qazlal.
  5002 | D:5      | Reached skill level 1 in Invocations
  5691 | D:5      | Reached skill level 6 in Fighting
  5691 | D:5      | Reached XP level 8. HP: 51/51 MP: 9/9
  5730 | D:5      | Found an iron altar of Okawaru.
  7192 | D:6      | Reached * piety under Hepliaklqana
  7409 | D:6      | Reached skill level 5 in Ranged Weapons
  7525 | D:6      | a steam dragon changed into a rime drake
  7525 | D:6      | Noticed a rime drake
  7562 | D:6      | HP: 10/45 [rime drake/icy flash freeze (29)]
  8090 | D:7      | Reached skill level 7 in Fighting
  8194 | D:7      | Reached XP level 9. HP: 27/52 MP: 11/11
  8258 | D:7      | Reached skill level 8 in Fighting
  8452 | D:7      | Noticed Joseph
  8740 | D:7      | Killed Joseph
  8836 | D:7      | Reached skill level 1 in Short Blades
  9340 | D:7      | Reached skill level 5 in Stealth
  9394 | D:8      | Noticed a rime drake
  9551 | D:8      | Killed a rime drake
  9552 | D:8      | Reached XP level 10. HP: 57/57 MP: 14/14
  9562 | D:8      | Found a staircase to the Lair.
  9585 | D:8      | Reached skill level 5 in Evocations
 10345 | D:8      | Reached ** piety under Hepliaklqana
 10346 | D:8      | Remembered your ancestor Kammani as a hexer
 10347 | D:8      | Found Oduasm's Book Shop.
 10746 | D:8      | Reached skill level 9 in Fighting
 10848 | Lair:1   | Entered Level 1 of the Lair of Beasts
 10871 | D:8      | Reached skill level 5 in Dodging
 10960 | Lair:1   | Noticed a cane toad
 10960 | Lair:1   | Noticed a cane toad
 11008 | Lair:1   | Noticed a skyshark
 11042 | Lair:1   | Found a dark tunnel.
 11051 | Volcano  | Entered a volcano
 11055 | Volcano  | Noticed a gargoyle
 11135 | Lair:1   | Reached skill level 10 in Fighting
 11186 | Lair:1   | Killed a cane toad
 11339 | Lair:1   | Reached XP level 11. HP: 64/64 MP: 15/15
 11513 | Lair:1   | Killed a skyshark
 11583 | Lair:1   | Reached *** piety under Hepliaklqana
 11913 | Lair:1   | HP: 16/65 [poisoned by a cane toad]
 11918 | Lair:1   | HP: 10/65 [poisoned by a cane toad]
 12188 | Lair:2   | Reached skill level 11 in Fighting
 12223 | Lair:2   | Learned a level 3 spell: Frozen Ramparts
 12428 | Lair:2   | Reached skill level 1 in Spellcasting
 12428 | Lair:2   | Reached skill level 1 in Ice Magic
 12468 | Lair:2   | You are sucked into a shaft and drop 1 floor!
 12497 | Lair:3   | Noticed a skyshark
 12508 | Lair:3   | Killed a skyshark
 12533 | Lair:2   | Noticed a six-headed hydra
 12825 | Lair:2   | Noticed a catoblepas
 12950 | Lair:1   | HP: 22/99 [cane toad (4)]
 13391 | Lair:2   | Reached skill level 5 in Invocations
 13466 | Lair:2   | Found a hole to the Spider Nest.
 13466 | Lair:2   | Noticed a pharaoh ant
 13485 | Lair:2   | Reached **** piety under Hepliaklqana
 13619 | Lair:2   | Reached XP level 12. HP: 51/72 MP: 12/18
 14573 | Lair:3   | Noticed an eight-headed hydra
 14917 | Lair:3   | Found a staircase to the Swamp.
 14957 | Lair:3   | Reached skill level 10 in Ranged Weapons
 15914 | Lair:4   | Reached ***** piety under Hepliaklqana
 16020 | Lair:4   | Reached skill level 5 in Ice Magic
 16506 | Lair:4   | Reached XP level 13. HP: 75/75 MP: 20/20
 16877 | Lair:5   | Entered Level 5 of the Lair of Beasts
 17582 | Lair:5   | Found a staircase to the Slime Pits.
 17618 | Lair:4   | Reached skill level 10 in Stealth
 17704 | Lair:5   | Identified the +2 robe "Kiff" {rN++ Archmagi}
 18000 | Lair:5   | Reached skill level 10 in Invocations
 18188 | Lair:5   | Found a viscous altar of Jiyva.
 19021 | Lair:5   | Noticed a dire elephant
 19231 | Lair:5   | Noticed a dire elephant
 19232 | Lair:5   | Noticed a dire elephant
 19456 | Lair:4   | Killed a dire elephant
 19816 | Lair:5   | Reached skill level 12 in Fighting
 20109 | Lair:5   | Noticed a dire elephant
 20210 | Lair:5   | Killed a dire elephant
 20368 | Lair:4   | Killed a dire elephant
 20723 | Lair:5   | Identified the +0 rapier "Impslayer" {drain, *Rage rElec
                  | rF+}
 20999 | Lair:4   | Reached XP level 14. HP: 82/82 MP: 23/23
 21666 | Lair:4   | Killed a dire elephant
 22088 | D:9      | Noticed Prince Ribbit
 22096 | D:9      | Killed Prince Ribbit
 22116 | D:9      | Found a glowing golden altar of the Shining One.
 22595 | D:9      | Learned a level 2 spell: Blink
 23300 | D:10     | Entered Level 10 of the Dungeon
 23455 | D:10     | Found a portal to a secret trove of treasure.
 23620 | D:10     | Noticed Fannar
 23801 | D:9      | Killed Fannar
 23802 | D:9      | Reached skill level 1 in Translocations
 24085 | D:10     | Found an opulent altar of Gozag.
 24132 | D:10     | Found a staircase to the Orcish Mines.
 24464 | D:10     | Found a blossoming altar of Fedhas.
 24655 | Orc:1    | Entered Level 1 of the Orcish Mines
 24762 | Orc:1    | Noticed Josephine
 24776 | Orc:1    | Killed Josephine
 25041 | Orc:2    | Entered Level 2 of the Orcish Mines
 25298 | Orc:2    | Paralysed by an orc sorcerer for 4 turns
 25457 | Orc:2    | Paralysed by an ogre mage for 5 turns
 25642 | Orc:2    | Found a staircase to the Elven Halls.
 25644 | Orc:2    | Noticed an orc warlord
 25859 | Orc:1    | Killed an orc warlord
 26818 | D:8      | Bought an Everburning Encyclopedia for 432 gold pieces
 26822 | D:8      | Learned a level 3 spell: Ignite Poison
 27296 | Orc:2    | Reached skill level 1 in Fire Magic
 27490 | Orc:1    | Reached skill level 1 in Poison Magic
 27618 | Orc:2    | Found Yngaduh's Magic Scroll Emporium.
 27829 | Orc:2    | Found Onyipn's General Store.
 27848 | Orc:2    | Reached skill level 1 in Transmutations
 27856 | Orc:2    | Bought a scroll of butterflies for 56 gold pieces
 27856 | Orc:2    | Bought a wand of mindburst (4) for 78 gold pieces
 27905 | Orc:2    | Bought a scroll of teleportation for 36 gold pieces
 27905 | Orc:2    | Bought a scroll of identify for 24 gold pieces
 27905 | Orc:2    | Bought a scroll of identify for 24 gold pieces
 27905 | Orc:2    | Bought a scroll of identify for 24 gold pieces
 27905 | Orc:2    | Bought a scroll of identify for 24 gold pieces
 28419 | Orc:2    | Reached XP level 15. HP: 74/86 MP: 22/25
 28491 | Orc:2    | Reached skill level 5 in Spellcasting
 28571 | Orc:2    | Found Withiz Gits's Antique Armour Boutique.
 28571 | Orc:2    | Found a one-way gate leading to the halls of Pandemonium.
 28571 | Orc:2    | Found Nyzuw's Book Shop.
 30426 | D:12     | Learned a level 4 spell: Olgreb's Toxic Radiance
 30585 | D:12     | Found a hide-covered altar of Uskayaw.
 30797 | D:12     | Reached skill level 5 in Fire Magic
 32554 | D:14     | Reached skill level 5 in Poison Magic
 33180 | D:14     | Noticed Kirke
 33190 | D:14     | Killed Kirke
 33426 | D:14     | Found a gate to the Vaults.
 33437 | D:14     | Identified the +8 ring mail of Dowdy Intercession {-Tele
                  | rElec rF+++ Stlth-}
 33683 | D:14     | Reached XP level 16. HP: 92/92 MP: 26/26
 33901 | D:15     | Entered Level 15 of the Dungeon
 34123 | D:15     | Reached skill level 13 in Fighting
 36382 | D:15     | Found a staircase to the Depths.
 36734 | Lair:2   | Reached skill level 14 in Fighting
 36918 | Swamp:1  | Entered Level 1 of the Swamp
 38244 | Swamp:2  | Noticed Roxanne
 38341 | Swamp:2  | Learned a level 1 spell: Apportation
 39535 | Swamp:2  | Reached XP level 17. HP: 99/99 MP: 27/27
 40855 | Swamp:3  | Reached skill level 5 in Armour
 41342 | Swamp:3  | Noticed Donald
 41378 | Swamp:3  | Killed Donald
 41803 | Swamp:4  | Entered Level 4 of the Swamp
 42421 | Swamp:4  | Noticed the 27-headed Lernaean hydra
 43491 | Swamp:4  | Reached skill level 15 in Fighting
 44006 | Swamp:4  | Reached skill level 10 in Dodging
 44095 | Swamp:4  | Got a decaying rune of Zot
 44630 | Orc:2    | Bought a book of the Hunter for 432 gold pieces
 44634 | Orc:2    | Learned a level 3 spell: Call Canine Familiar
 44802 | Spider:1 | Entered Level 1 of the Spider Nest
 44837 | Spider:1 | Reached skill level 1 in Summonings
 45237 | Spider:1 | Reached XP level 18. HP: 107/107 MP: 28/28
 45754 | Spider:1 | Reached ****** piety under Hepliaklqana
 46678 | Spider:2 | You are sucked into a shaft and drop 1 floor!
 46841 | Spider:2 | Learned a level 4 spell: Sticky Flame
 47090 | Spider:2 | Reached skill level 1 in Conjurations
 47377 | Spider:2 | Noticed Mlioglotl
 49084 | Spider:3 | Reached skill level 5 in Summonings
 49723 | Spider:3 | Identified the +2 robe of the Rotten God {Rampage rPois rF-
                  | rC+}
 50266 | Spider:4 | Entered Level 4 of the Spider Nest
 51259 | Spider:4 | Reached skill level 16 in Fighting
 51798 | Spider:4 | Identified the maw talisman of the Guilds {+Blink rN+ Will+
                  | Int+2}
 52403 | Spider:4 | Identified the +0 hat "Ykire" {Int+3 Stlth+}
 52967 | Spider:4 | Identified the ring of Ropret {Ice Int+4}
 52973 | Spider:4 | Reached XP level 19. HP: 112/112 MP: 28/30
 53263 | Spider:4 | Got a gossamer rune of Zot
 53421 | Spider:4 | Identified the -1 pair of boots "Paraha" {rC+++ rCorr Int-5
                  | SInv}
 53741 | Elf:1    | Entered Level 1 of the Elven Halls
 54015 | Elf:1    | Reached XP level 20. HP: 118/118 MP: 31/31
 54163 | Elf:1    | Noticed Jorgrun
 54168 | Elf:1    | Killed Jorgrun
 54727 | Elf:1    | Reached skill level 17 in Fighting
 55545 | Elf:2    | Paralysed by an air elemental for 1 turns
 55582 | Elf:2    | Paralysed by an air elemental for 1 turns
 55598 | Elf:2    | Reached skill level 5 in Conjurations
 55685 | Elf:2    | Paralysed by an air elemental for 1 turns
 56384 | Elf:2    | Found a huge runed translucent gate.
 56384 | Elf:2    | Found a huge runed translucent gate.
 56385 | Elf:2    | Found a huge runed translucent gate.
 56385 | Elf:2    | Found a huge runed translucent gate.
 56386 | Elf:2    | Found a huge runed translucent gate.
 56680 | Elf:3    | Entered Level 3 of the Elven Halls
 59890 | Elf:3    | Identified the +0 halberd of Distant Worlds {freeze, rCorr}
 59899 | Elf:3    | Reached skill level 10 in Poison Magic
 59975 | Elf:3    | Identified the +2 broad axe of the Messenger {venom, rC+
                  | Str+4}
 60070 | Elf:3    | Identified the +0 scale mail "Cutremus" {rElec}
 60149 | Elf:3    | Noticed Mara
 60175 | Elf:3    | Noticed PanSaczeczos's illusion
 60515 | Elf:3    | Killed Mara
 60891 | Elf:3    | Reached XP level 21. HP: 126/126 MP: 32/32
 61743 | Elf:3    | Identified the +2 pair of gloves of Vumua {+Blink +Inv
                  | rCorr}
 61773 | Elf:3    | Reached skill level 15 in Ranged Weapons
 61844 | Elf:3    | Identified the +1 orcbow "Ademuhar" {antimagic, *Slow rF++
                  | rN+ Dex+2}
 62226 | Vaults:1 | Entered Level 1 of the Vaults
 62858 | Vaults:1 | Reached skill level 18 in Fighting
 64305 | Vaults:1 | HP: 29/126 [yaktaur captain/bolt (9)]
 64314 | Vaults:1 | HP: 16/126 [yaktaur captain/bolt (17)]
 64665 | Vaults:1 | Found a gateway to a bazaar.
 64674 | Vaults:1 | Identified the granite talisman of Lies {rN+ Str+3 SInv}
 64702 | Bazaar   | Entered a bazaar
 64727 | Bazaar   | Found Zyumuox's Antique Armour Shoppe.
 64751 | Bazaar   | Found Hained's Book Shop.
 64787 | Bazaar   | Found Xagiolod's Assorted Antiques.
 64799 | Bazaar   | Found Woatt's Book Emporium.
 64826 | Bazaar   | Bought a heavily runed robe for 136 gold pieces
 64826 | Bazaar   | Identified the +2 robe of a wizard's laboratory {Stlth+}
                  | (You bought it in a shop in a bazaar)
 64845 | Bazaar   | Bought a book of Dangerous Friends for 520 gold pieces
 64849 | Bazaar   | Learned a level 3 spell: Summon Guardian Golem
 64870 | Bazaar   | Bought a wand of roots (5) for 192 gold pieces
 64870 | Bazaar   | Bought a scroll of revelation for 120 gold pieces
 65174 | Vaults:2 | Reached skill level 1 in Hexes
 66651 | Vaults:2 | Found a staircase to the Crypt.
 66972 | Vaults:2 | Reached XP level 22. HP: 132/132 MP: 21/33
 68388 | Vaults:3 | Identified the +7 triple crossbow of Oxtein {heavy, rElec
                  | Str+4 Stlth+}
 68781 | Vaults:3 | Noticed Mennas
 69083 | Vaults:3 | Reached skill level 15 in Stealth
 69277 | Vaults:3 | HP: 20/133 [Mennas/+0 trishula of holy wrath (15)]
 69278 | Vaults:3 | HP: 6/133 [Mennas/+0 trishula of holy wrath (14)]
 69294 | Vaults:3 | Killed Mennas
 69967 | Vaults:3 | Got the Volume of Calorific Energy
 72950 | Depths:1 | Entered Level 1 of the Depths
 73088 | Depths:1 | Reached XP level 23. HP: 137/137 MP: 15/34
 73550 | Depths:1 | Noticed Margery
 73551 | Depths:1 | HP: 27/137 [spark wasp (17)]
 73768 | Depths:1 | Killed Margery
 73867 | Depths:1 | Found a gateway to Hell.
 74251 | Depths:1 | Reached skill level 19 in Fighting
 74251 | Depths:1 | Reached skill level 15 in Dodging
 74366 | Depths:1 | Noticed Norris
 74382 | Depths:1 | Killed Norris
 74627 | Depths:1 | Found Vuckofex's Self-Published Books.
 75122 | Depths:1 | Found a basalt altar of Yredelemnul.
 75713 | Depths:2 | Noticed Bai Suzhen
 75853 | Depths:1 | Killed Bai Suzhen
 76617 | Depths:2 | Noticed a juggernaut
 76926 | Depths:2 | Reached skill level 1 in Maces & Flails
 77042 | Depths:2 | Killed a juggernaut
 77135 | Depths:2 | Found a sparkling altar of Nemelex Xobeh.
 77488 | Depths:2 | Found a one-way gate to the infinite horrors of the Abyss.
 77668 | Depths:2 | Found a one-way gateway to a ziggurat.
 78466 | Depths:3 | Reached XP level 24. HP: 144/144 MP: 7/35
 78830 | Depths:3 | Found Totairasec's Assorted Antiques.
 78838 | Depths:3 | Bought a scroll of teleportation for 84 gold pieces
 79369 | Depths:3 | Reached skill level 15 in Invocations
 79901 | Depths:3 | Noticed a juggernaut
 79912 | Depths:3 | Killed a juggernaut
 80282 | Depths:3 | Got the Book of the Sky and Kindling
 80450 | Depths:3 | Found Zolo's Antique Armour Shoppe.
 80452 | Depths:3 | Found Biomerr's Armour Emporium.
 80454 | Depths:3 | Found Xyngi's Assorted Antiques.
 80458 | Depths:3 | Bought a glowing hat for 203 gold pieces
 80462 | Depths:3 | Bought a scroll labelled XUHEEGECAO for 51 gold pieces
 80469 | Depths:3 | Bought a runed leather armour for 145 gold pieces
 80616 | Depths:2 | Acquired the ring "Xeefaclaty" {rPois Int-5 Dex+3 Slay+2}
 80737 | Depths:4 | Entered Level 4 of the Depths
 80890 | Depths:4 | Reached skill level 5 in Maces & Flails
 80895 | Depths:4 | Noticed a caustic shrike
 80900 | Depths:4 | Noticed a caustic shrike
 80900 | Depths:4 | Noticed a caustic shrike
 80903 | Depths:4 | Killed a caustic shrike
 80907 | Depths:4 | Killed a caustic shrike
 80911 | Depths:4 | Killed a caustic shrike
 81041 | Depths:4 | Noticed a caustic shrike
 81042 | Depths:4 | Noticed a caustic shrike
 81051 | Depths:3 | Killed a caustic shrike
 81215 | Depths:4 | Noticed a caustic shrike
 81494 | Depths:4 | Noticed Parghit
 81838 | Depths:3 | Killed Parghit
 82127 | Depths:4 | Noticed a caustic shrike
 82540 | Depths:3 | Killed a caustic shrike
 82632 | Depths:3 | Found Totairasec's Assorted Antiques.
 82760 | Depths:3 | Found Xyngi's Assorted Antiques.
 82766 | Depths:3 | Killed a caustic shrike
 82912 | Depths:4 | Noticed a caustic shrike
 83011 | Depths:4 | Killed a caustic shrike
 83017 | Depths:4 | Killed a caustic shrike
 83288 | Depths:4 | Found Nefyakh's Jewellery Emporium.
 83289 | Depths:4 | Found Eckan's Book Shop.
 83290 | Depths:4 | Found Iwki's Jewellery Emporium.
 83300 | Depths:4 | Bought the ring of Suspicion {rC+ Will+ Str+5 Int+3} for
                  | 979 gold pieces
 83302 | Depths:4 | Bought the amulet "Zutaepau" {Spirit Int+3} for 779 gold
                  | pieces
 84066 | Depths:4 | Reached skill level 10 in Evocations
 84101 | Depths:4 | Reached skill level 20 in Fighting
 84198 | Depths:4 | Found a gate to the Realm of Zot.
 84601 | Depths:4 | Bought a ring of see invisible for 270 gold pieces
 84604 | Depths:4 | Upgraded the game from 0.31-a0-1059-g83d41fd8b6 to
                  | 0.31-a0-1066-g35875b34c7
 85643 | Crypt:1  | Entered Level 1 of the Crypt
 85697 | Crypt:1  | Learned a level 4 spell: Dispel Undead
 85830 | Crypt:1  | Reached skill level 1 in Necromancy
 86110 | Crypt:1  | You are sucked into a shaft and drop 1 floor!
 86387 | Crypt:1  | Found a basalt altar of Yredelemnul.
 86534 | Crypt:1  | HP: 33/142 [flayed ghost/flay_damage[a death knight] (9)]
 87055 | Crypt:1  | Reached XP level 25. HP: 151/151 MP: 35/35
 87271 | Crypt:1  | Got the Spellbook of Lamentation
 88036 | Crypt:2  | Learned a level 4 spell: Dimensional Bullseye
 89298 | Crypt:3  | Entered Level 3 of the Crypt
 89632 | Crypt:3  | Noticed an ancient lich
 89683 | Crypt:3  | Killed an ancient lich
 89692 | Crypt:3  | Identified the +6 morningstar of Conscience {elec, Will-
                  | Dex+5}
 90055 | Crypt:3  | Learned a level 3 spell: Sigil of Binding
 90414 | Crypt:3  | Found a staircase to the Tomb.
 90656 | Crypt:3  | Identified the +0 falchion of Maokhlipnov {drain, rElec rC-
                  | Stlth+}
 90824 | Crypt:3  | Noticed a royal mummy
 90856 | Crypt:3  | Killed a royal mummy
 91126 | Crypt:3  | Reached skill level 5 in Necromancy
 91243 | Crypt:3  | Identified the ring of Beauty {rPois MP+9 Stlth+}
 91356 | Crypt:3  | Found a basalt altar of Yredelemnul.
 91370 | Crypt:3  | Identified the staff of Hidwouf {*Corrode rF+ rN+ MP+9
                  | Dex+4 Necro}
 91655 | Crypt:3  | Identified the staff of Irrepressible Laughter {rPois rC+
                  | Will- Int+3 Ice}
 92030 | Crypt:3  | Reached skill level 5 in Translocations
 92759 | Vaults:5 | Entered Level 5 of the Vaults
 92922 | Vaults:5 | Noticed an ancient lich
 92926 | Vaults:5 | Noticed an ancient lich
 92929 | Vaults:5 | Killed an ancient lich
 93397 | Vaults:5 | Reached skill level 5 in Hexes
 93750 | Vaults:5 | Reached XP level 26. HP: 158/158 MP: 36/36
 94251 | Vaults:5 | Killed an ancient lich
 94448 | Vaults:5 | Identified the +4 long sword of Eternal Vigilance {holy,
                  | rF+ rC+ Str+3}
 94553 | Vaults:5 | Identified the ring of Ofrytimi {rC+ SInv}
 95503 | Vaults:5 | Identified the +4 scale mail "Xemp" {rPois Str+3}
 95522 | Vaults:5 | Found the -2 hat of the Alchemist {rElec rPois rF+ rC+ rN+
                  | Will+ rMut rCorr}
 95550 | Vaults:5 | Got the Commentary on Charms and Energy
 96026 | Vaults:5 | Got a silver rune of Zot
 96051 | Vaults:5 | Noticed an ancient lich
 96070 | Vaults:4 | Killed an ancient lich
 96292 | Vaults:5 | Identified the ring "Qubuhocku" {Fire rPois Str-2 Int+10
                  | Dex-5}
 96687 | Vaults:5 | Found Dusadw Rinel's Antique Weapon Shoppe.
 96830 | Vaults:5 | Got the Parchment of Xenomorphic Conjuration
 97479 | Depths:1 | Bought the Tome of Terraforming for 1292 gold pieces
 97485 | Depths:1 | Learned a level 5 spell: Summon Forest
 98136 | Depths:3 | Bought a scroll of teleportation for 153 gold pieces
 99034 | Zot:1    | Entered Level 1 of the Realm of Zot
100549 | Zot:1    | Reached skill level 10 in Maces & Flails
101158 | Depths:4 | Reached skill level 21 in Fighting
101922 | Zot:1    | Acquired 495 gold pieces
102036 | Depths:4 | Bought the ring "Hurhule" {rC- rN+ Int+6 Slay+3} for 1161
                  | gold pieces
103239 | Zot:2    | Noticed a Killer Klown
103260 | Zot:2    | Killed a Killer Klown
103599 | Zot:2    | Reached XP level 27. HP: 155/163 MP: 35/36
104703 | Zot:3    | Reached skill level 10 in Summonings
104866 | Zot:3    | Identified the +5 spear "Murmur" {pain, rF+ rC- Int+7}
105954 | Zot:3    | Noticed an orb of fire
105965 | Zot:3    | Killed an orb of fire
108116 | Zot:5    | Entered Level 5 of the Realm of Zot
108116 | Zot:5    | Noticed an orb of fire
108131 | Zot:4    | Killed an orb of fire
108811 | Zot:5    | Noticed an ancient lich
108815 | Zot:5    | Noticed an orb of fire
108815 | Zot:5    | Noticed an ancient lich
108816 | Zot:5    | Noticed an orb of fire
108825 | Zot:5    | Noticed a dread lich
109063 | Zot:5    | Killed an ancient lich
109208 | Zot:5    | HP: 38/164 [deathcap[a curse toe] (17)]
110435 | Zot:5    | Noticed an orb of fire
111123 | Zot:5    | Killed an orb of fire
112475 | Zot:5    | Killed an ancient lich
113115 | Zot:5    | Reached skill level 22 in Fighting
113166 | Zot:5    | Killed a dread lich
113171 | Zot:5    | Killed an orb of fire
113663 | Zot:5    | Gained mutation: You are dopey. (Int -2) [an orb of fire]
113671 | Zot:5    | Killed an orb of fire
114428 | Zot:5    | Got the Orb of Zot
114432 | Zot:5    | Noticed Nostrow the pandemonium lord
114442 | Zot:5    | Noticed Lyibo the pandemonium lord
114451 | Zot:5    | Killed Lyibo the pandemonium lord
114452 | Zot:5    | Reached skill level 10 in Translocations
114653 | Depths:1 | Noticed Xaghuoq the pandemonium lord
114822 | D:8      | Noticed Ojalegycs the pandemonium lord
114823 | D:8      | Gained mutation: You passively map a small area around you.
                  | [a neqoxec]
114979 | D:$      | Escaped with the Orb!

Illustrated notes

Levels and vault maps discovered:
D:1:      spicycebolla_arrival_xxxplode, layout_basic,
          hellmonk_ecumenical_altar_lost_god
D:2:      layout_basic, patterned_corridor
D:3:      layout_loops_ring, cheibrodos_sewer_entry_drain, corexii_shack,
          minmay_pentomino_pile, uniq_jessica
D:4:      layout_basic, makhleb_blood_cavern_becter, minmay_temple_entry_mist,
          uniq_sigmund
D:5:      layout_basic, okawaru_trees_2, lemuel_crystal_altar,
          nicolae_overflow_two_pavilions
D:6:      layout_loops_ring, minmay_misc_feat_nine_boxes
D:7:      layout_rooms, grunt_decor_fettered, uniq_joseph
D:8:      layout_loops_corners, hellmonk_lair_entry_icy, serial_shops, shop,
          grunt_decor_arrowhead, nicolae_houndstooth_variations
D:9:      layout_loops_ring, tso_metal_star, minmay_misc_feat_chi,
          uniq_prince_ribbit1
D:10:     layout_basic, old_standard_altar, grunt_gozag_statues,
          minmay_orc_entry_guard_dogs, enter_trove_0, minmay_misc_feat_iff,
          amcnicky_mini_corridor_feature, uniq_fannar
D:11:     layout_rooms, serial_demonic, serial_demonic_f, serial_demonic_d,
          serial_demonic_d, serial_demonic_d, roderic_serpentine_path
D:12:     layout_irregular_city, dancing_weapons_uskayaw
D:13:     layout_roguey [special_room_orc]
D:14:     layout_layer_cave, erik_vaults_1, nrook_mini_vaults, uniq_kirke
D:15:     hellmonk_depths_entry_around_the_bend, layout_loops_corners,
          nicolae_triple_integral
Temple:   minmay_temple_curvy_branch
Lair:1:   layout_chaotic_city, nicolae_volcano_entry_two_sided,
          chequers_serial_rivers_room_a, beast_lair_carwin_4
Lair:2:   layout_regular_city, nicolae_spider_entry_lesser_pyramids,
          grunt_megastairs_4
Lair:3:   layout_regular_city, nicolae_swamp_entry_splash_gauntlet,
          nicolae_quartered_pool_super, grunt_forest_small_clearing_treed
Lair:4:   hellmonk_ruined_rings, layout_gridlike, serial_bayou_shore_b
Lair:5:   due_jungle_book, layout_hall_layers, nicolae_slime_entry_slimehenge
Swamp:1:  layout_basic_swamp, serial_swamp_ruin, evilmike_swamp_ruin_house_2,
          evilmike_swamp_ruin_house_4, evilmike_swamp_ruin_rubble_1
Swamp:2:  layout_falls_marsh, nicolae_swamp_ascending_descending, swamp_pool_4,
          uniq_roxanne
Swamp:3:  layout_basic_swamp, hangedman_swamp_cone, swamp_pool_5,
          infiniplex_staircase_pool, uniq_donald
Swamp:4:  grunt_swamp_rune_castle, layout_basic_swamp, swamp_pool_3
Spider:1: layout_spider_delve
Spider:2: layout_chambers, nicolae_spider_checkerboard, uniq_mlioglotl
Spider:3: layout_chambers, hellmonk_motheaten_closet
Spider:4: guppyfry_spider_rune
Orc:1:    layout_caves, uniq_josephine
Orc:2:    pf_orc_diabolical, layout_caves
Elf:1:    nicolae_elf_arrival_fired_up, layout_geoelf_octagon,
          hangedman_elf_represent, dreamdust_mushroom_princess, minivault_16,
          uniq_jorgrun
Elf:2:    elven_hall_of_blades_hangedman_alternative [nicolae_blade_tridents],
          layout_loops_cross
Elf:3:    nooodl_elf_gasket, layout_geoelf_octagon, uniq_mara
Vaults:1: nicolae_vaults_mini_display_case, v_misc_24, v_rooms_6,
          hangedman_vaults_corner, vaults_standard_mumra_lines, v_misc_18,
          nicolae_vaults_theta, nicolae_vaults_apartment_2, v_misc_26,
          nicolae_vaults_house_2, nicolae_vaults_little_squares_3,
          nicolae_vaults_diagonal_hallway_8, layout_vaults_ring, serial_shops,
          statue_bzr
Vaults:2: v_alt_pattern_5, nicolae_vaults_hallways_thing, v_misc_18,
          nicolae_vaults_stairing_the_circle, minmay_crypt_entry_simple_walls,
          nicolae_vaults_inception_statues, v_misc_30, v_misc_9,
          nicolae_vaults_security_offices_5, nicolae_vaults_storage_closets_1,
          nicolae_vaults_diamond_2, vaults_room_door_ring,
          nicolae_vaults_apartment_1, layout_vaults_omnibox
Vaults:3: nicolae_vaults_yaktaur_gun_rack, nicolae_vaults_heart-shaped_vault,
          nicolae_vaults_offset_grid_hallway_2, dpeg_vaults_monster_box,
          nicolae_vaults_apartment_2, ontoclasm_vaults_ring_small,
          vaults_mumra_hex, nicolae_vaults_three_branches, v_alt_pattern_2,
          ontoclasm_vaults_pinch, ontoclasm_vaults_loading_screen,
          vaults_room_hallway, nicolae_vaults_tetromino_L_2, layout_vaults_maze,
          uniq_mennas
Vaults:4: ontoclasm_vaults_eye, v_pattern_2, hangedman_vaults_trim,
          nicolae_vaults_theta, nicolae_vaults_variable_pillar_hall,
          nicolae_vaults_meiosis, ontoclasm_vaults_bender,
          nicolae_vaults_closet_pinwheel_3, nicolae_vaults_specimen_jars,
          layout_vaults_omnigrid
Vaults:5
Crypt:1:  layout_gridlike, basic_altar, special_room [special_room_morgue],
          lemuel_nasty_fountain
Crypt:2:  layout_regular_city, serial_library_hellmonk_big_corner,
          corexii_leaking_fountain, grunt_megastairs_2
Crypt:3:  church_of_pain_bobbens, layout_chaotic_city,
          tomb_entry_forgotten_bobbens
Depths:1: layout_gridlike, grunt_metal_band, nicolae_custom_books,
          hangedman_blasphemy, grunt_megastairs_3, uniq_norris
Depths:2: minmay_the_grid_triangle_9x9_recursive_2_mashed
          [minmay_the_grid_triangle_9x9_prize_center,
          minmay_the_grid_triangle_9x9_dagger,
          minmay_the_grid_triangle_9x9_odd_lines,
          minmay_the_grid_triangle_9x9_cache], layout_basic, enter_ziggurat_b,
          nemelex_spade_bored_becter, pan_entry, hellmouth_1, abyss_entry,
          hangedman_abyss_or_decor_lesser_grid, kennysheep_decorative_pillar,
          uniq_bai_suzhen
Depths:3: kennysheep_large_spiral, layout_cave_shapes, serial_shops, shop,
          abyss_entry, nicolae_titane, hell_entry, minmay_shop_star,
          serial_bayou_shore_a
Depths:4: evilmike_zot_entry_hall, layout_cross, pf_hell_entry_tar_spiral,
          chequers_serial_rivers_room_a, minmay_shop_grove, uniq_parghit
Zot:1:    layout_cathedral_of_symmetry, regret_index_zotdec_zees,
          grunt_ministairs_9, st_stairs_2
Zot:2:    layout_basic, regret_index_zotdec_twisting_globes, uniq_josephina
Zot:3:    kennysheep_room_grid, layout_twisted_circle
Zot:4:    gammafunk_mikee_crab_dinner, layout_twisted_circle
Zot:5:    layout_misc_corridors

Skill      XL: |  1  2  3  4  5  6  7  8  9 10 11 12 13 14 15 16 17 18 19 20 21 22 23 24 25 26 27 |
---------------+----------------------------------------------------------------------------------+-----
Fighting       | 2 3 4 5 6 7 8 10 11 12 14 15 16 17 18 19 20 21 22 | 22.3
Dodging        | 2 3 4 5 6 7 10 12 13 14 15 16 17 19 | 19.7
Stealth        | 2 3 4 5 7 8 10 11 12 13 14 15 16 17 18 20 | 20.0
Armour         | 3 4 8 |  8.0
Evocations     | 4 5 6 7 8 10 11 12 | 12.0
Long Blades    | 1 3 |  3.4
Invocations    | 1 2 4 5 8 11 12 13 14 15 16 17 | 17.0
Ranged Weapons | 2 5 7 9 10 11 12 13 14 16 17 18 | 18.0
Short Blades   | 1 2 |  2.8
Spellcasting   | 3 4 5 6 |  6.0
Ice Magic      | 3 5 |  5.0
Translocations | 4 5 6 10 | 10.2
Fire Magic     | 3 6 8 |  8.0
Poison Magic   | 2 6 8 10 | 10.0
Transmutations | 2 4 |  4.0
Summonings     | 1 6 7 9 10 | 10.0
Conjurations   | 4 6 8 |  8.0
Hexes          | 2 4 5 6 |  6.0
Maces & Flails | 3 7 9 10 12 | 12.0
Necromancy     | 2 5 7 8 |  8.0

Action                     |  1- 3 |  4- 6 |  7- 9 | 10-12 | 13-15 | 16-18 | 19-21 | 22-24 | 25-27 || total
---------------------------+-------+-------+-------+-------+-------+-------+-------+-------+-------++-------
  Melee: War axe           |    44 |       |       |       |       |       |       |       |       ||    44
         Kick              |    20 |    34 |    59 |    28 |     7 |    28 |     6 |    19 |     8 ||   209
         Peck              |     9 |    21 |    33 |    23 |     4 |    16 |     4 |    10 |     5 ||   125
         Dagger            |    27 |   142 |   156 |    77 |     9 |    42 |    11 |    18 |       ||   482
         Punch             |       |     1 |     5 |     1 |       |     4 |       |       |     1 ||    12
         Unarmed           |       |       |       |     1 |       |       |       |       |       ||     1
         Rapier            |       |       |       |       |    16 |       |       |       |    20 ||    36
         Staff             |       |       |       |       |       |     7 |       |       |       ||     7
         Demon whip        |       |       |       |       |       |       |       |     5 |     2 ||     7
         Morningstar       |       |       |       |       |       |       |       |     9 |       ||     9
   Fire: Sling             |       |    12 |   169 |     1 |       |       |       |       |       ||   182
         Shortbow          |       |       |       |   675 |   999 |       |       |       |       ||  1674
         Arbalest          |       |       |       |       |   627 |   699 |   519 |  1189 |  1795 ||  4829
         Triple crossbow   |       |       |       |       |       |       |       |    28 |       ||    28
  Throw: Boomerang         |     1 |    21 |     8 |     8 |       |     5 |       |       |       ||    43
         Throwing net      |       |       |       |       |       |     1 |       |       |       ||     1
         Dart              |       |       |       |       |       |       |       |     6 |       ||     6
   Cast: Frozen Ramparts   |       |       |       |       |     5 |       |       |       |       ||     5
         Olgreb's Toxic Ra |       |       |       |       |     9 |   186 |   170 |   146 |    34 ||   545
         Ignite Poison     |       |       |       |       |     3 |    85 |    73 |    49 |    16 ||   226
         Blink             |       |       |       |       |     1 |     1 |       |     4 |     1 ||     7
         Apportation       |       |       |       |       |       |    11 |       |       |     1 ||    12
         Call Canine Famil |       |       |       |       |       |     6 |     8 |     2 |     9 ||    25
         Summon Guardian G |       |       |       |       |       |       |     3 |     6 |     6 ||    15
         Dimensional Bulls |       |       |       |       |       |       |       |       |     6 ||     6
         Dispel Undead     |       |       |       |       |       |       |       |       |     1 ||     1
         Summon Forest     |       |       |       |       |       |       |       |       |    26 ||    26
 Invoke: Recall Ancestor   |       |       |     4 |    13 |    28 |    11 |     6 |    12 |    26 ||   100
         Ancestor Life: He |       |       |       |     1 |       |       |       |       |       ||     1
         Idealise          |       |       |       |       |     8 |     5 |     9 |    11 |    13 ||    46
         Transference      |       |       |       |       |       |       |       |     1 |       ||     1
  Evoke: Wand              |     1 |     7 |    27 |    26 |    21 |    25 |    13 |    30 |    13 ||   163
         Phial of floods   |       |       |       |       |       |       |     1 |     1 |       ||     2
    Use: Scroll            |       |     6 |     6 |     9 |    14 |     9 |     7 |    16 |    19 ||    86
         Potion            |       |       |     1 |     2 |     2 |     2 |     5 |    13 |    11 ||    36
   Stab: Sleeping          |     4 |     3 |       |     2 |       |     1 |     2 |     3 |     2 ||    17
         Distracted        |       |       |       |     3 |     1 |       |       |     1 |       ||     5
         Confused          |       |       |       |     1 |     1 |     3 |       |     3 |       ||     8
         Paralysed         |       |       |       |       |       |    15 |     2 |     3 |     2 ||    22
 Armour: Leather armour    |    28 |       |    18 |    80 |   172 |       |       |       |       ||   298
         Ring mail         |     9 |    62 |    87 |       |       |       |       |    35 |       ||   193
         Skin              |       |       |     1 |    15 |       |       |       |       |       ||    16
         Steam dragon scal |       |       |       |    23 |       |       |       |       |       ||    23
         Robe              |       |       |       |       |    68 |    72 |    98 |   178 |   232 ||   648
         Swamp dragon scal |       |       |       |       |       |   233 |       |       |       ||   233
  Dodge: Dodged            |    34 |    75 |   177 |   234 |   541 |   568 |   202 |   406 |   625 ||  2862

Table legend: (Time is in decaauts)
 A = Elapsed time spent in this place.
 B = Non-inter-level travel time spent in this place.
 C = Inter-level travel time spent in this place.
 D = Time resting spent in this place.
 E = Time spent auto-exploring this place.
 F = Levels seen in this place.
 G = Mean time per level.
                   A        B        C        D        E       F      G
               +--------+--------+--------+--------+--------+-----+--------+
         Total | 115701 | 101752 |  13949 |  42847 |  26841 |  54 | 2142.6 |
       Dungeon |  23072 |  18685 |   4387 |   4896 |   6956 |  15 | 1538.1 |
        Temple |     37 |     19 |     18 |      0 |      0 |   1 |   37.0 |
          Lair |  12082 |  10730 |   1352 |   3887 |   2967 |   5 | 2416.4 |
         Swamp |   7548 |   6754 |    794 |   3893 |    984 |   4 | 1887.0 |
   Spider Nest |   8637 |   8197 |    440 |   3528 |   2391 |   4 | 2159.2 |
  Orcish Mines |   4360 |   3952 |    408 |   1992 |    530 |   2 | 2180.0 |
   Elven Halls |   8106 |   7528 |    578 |   4345 |   1323 |   3 | 2702.0 |
        Vaults |  16777 |  13974 |   2803 |   6317 |   3388 |   5 | 3355.4 |
         Crypt |   6944 |   6656 |    288 |   2649 |   1582 |   3 | 2314.7 |
        Depths |  13319 |  11380 |   1939 |   5244 |   3500 |   4 | 3329.8 |
           Zot |  13526 |  12586 |    940 |   5721 |   2952 |   5 | 2705.2 |
        Bazaar |    189 |    189 |      0 |      0 |     99 |   1 |  189.0 |
         Sewer |   1080 |   1080 |      0 |    372 |    169 |   1 | 1080.0 |
       Volcano |     18 |     18 |      0 |      0 |      0 |   1 |   18.0 |
               +--------+--------+--------+--------+--------+-----+--------+

Top non-repeatable levels by time:
   Zot:5: 5554 daAuts
   Elf:3: 4697 daAuts
Vaults:5: 4364 daAuts
Depths:3: 4226 daAuts
Depths:1: 3877 daAuts
Vaults:1: 3744 daAuts
  Lair:5: 3471 daAuts
Vaults:2: 3244 daAuts
Depths:4: 3235 daAuts
 Crypt:3: 3166 daAuts
    D:15: 2997 daAuts
Vaults:4: 2808 daAuts
  Lair:4: 2799 daAuts
Vaults:3: 2615 daAuts
 Swamp:3: 2604 daAuts
